 Dungeon Crawl Stone Soup version 0.22-a0-157-g169b76a (webtiles) character file.

322 mhoghedin the Ducker (level 6, 14/28 HPs)
             Began as a Spriggan Conjurer on Feb 8, 2018.
             Was an Initiate of Kikubaaqudgha.
             Quit the game on level 4 of the Dungeon.
             The game lasted 00:08:14 (4103 turns).

mhoghedin the Ducker (Spriggan Conjurer)            Turns: 4103, Time: 00:08:15

Health: 14/28      AC:  4    Str:  4    XL:     6   Next: 22%
Magic:  9/14       EV: 20    Int: 19    God:    Kikubaaqudgha [......]
Gold:   165        SH:  0    Dex: 16    Spells: 4/14 levels left

rFire    . . .     SeeInvis +   l - +0 hunting sling (flame)
rCold    . . .     Gourm    .   (shield restricted)
rNeg     . . .     Faith    .   a - +1 robe
rPois    .         Spirit   .   (helmet restricted)
rElec    .         Reflect  .   d - +0 cloak
rCorr    .         Harm     .   (gloves unavailable)
MR       +....                  (boots unavailable)
Stlth    ++........             (no amulet)
HPRegen  0.09/turn              (no ring)
MPRegen  0.14/turn              (no ring)

@: very quick
A: very small, unfitting armour, see invisible, herbivore, speed 3, slow
metabolism 2
a: Renounce Religion


You were on level 4 of the Dungeon.
You worshipped Kikubaaqudgha.
Kikubaaqudgha was noncommittal.
You were near starving.

You visited 1 branch of the dungeon, and saw 4 of its levels.

You collected 165 gold pieces.

Inventory:

Hand Weapons
 e - a +0 short sword
   (You took it off a kobold on level 1 of the Dungeon)
 l - a +0 hunting sling of flaming (weapon)
   (You found it on level 1 of the Dungeon)
Armour
 a - a +1 robe (worn)
 d - a +0 cloak (worn)
   (You took it off Crazy Yiuf on level 2 of the Dungeon)
Jewellery
 h - an uncursed ring of protection from cold {unknown}
   (You found it on level 3 of the Dungeon)
Scrolls
 i - a scroll of fear {unknown}
 j - a scroll of random uselessness {unknown}
 m - a scroll of remove curse
Potions
 f - a potion of brilliance
 g - 2 potions of curing
Books
 b - a book of Conjurations
Comestibles
 c - 8 rations


   Skills:
 + Level 3.6 Slings
 - Level 5.1 Dodging
 - Level 3.0 Stealth
 - Level 4.7 Spellcasting
 - Level 3.7 Conjurations
 + Level 1.0 Hexes


You had 4 spell levels left.
You knew the following spells:

 Your Spells              Type           Power        Failure   Level  Hunger
a - Magic Dart            Conj           ###.         2%          1    None
b - Searing Ray           Conj           ###...       4%          2    #......
c - Dazzling Spray        Conj/Hex       ##....       14%         3    ###....
d - Fulminant Prism       Conj/Hex       ##........   43%         4    ####...


Dungeon Overview and Level Annotations

Branches:
Dungeon (4/15)
 Temple: D:4-7

Altars:
Kikubaaqudgha
Makhleb

Annotations:
D:3 Grinder


Innate Abilities, Weirdness & Mutations

You are very small and have problems with some larger weapons.
You are too small for most types of armour.
You have supernaturally acute eyesight. (SInv)
You are a herbivore.
You cover ground extremely quickly.
You need consume almost no food.


Message History

Aim: Grinder (lightly wounded)
The spray of energy hits Grinder.
You now have 8/14 mp.
Aim: Grinder (lightly wounded)
The spray of energy hits Grinder.
Grinder is dazzled.
Grinder gestures at you. You resist with significant effort.
You now have 5/14 mp.
Firing (i - inventory)
k - 8 stones (quivered)
Aim: Grinder (moderately wounded, blind)
You shoot a stone.
The stone hits Grinder but does no damage.
Grinder gestures at you. You resist with significant effort.
Firing (i - inventory)
k - 7 stones (quivered)
Aim: Grinder (moderately wounded, blind)
You shoot a stone.
The stone hits Grinder but does no damage.
Firing (i - inventory)
k - 6 stones (quivered)
Aim: Grinder (moderately wounded, blind)
You shoot a stone.
The stone hits Grinder but does no damage.
Grinder is no longer blind.
Aim: Grinder (moderately wounded)
The spray of energy hits Grinder.
Grinder is dazzled.
Grinder drinks a potion.
Grinder is healed!
You now have 3/14 mp.
Okay, then.
Unknown command.
Unknown command.
You see here a goblin corpse.
Grinder is no longer blind.
There is a stone staircase leading up here.
Grinder gestures at you.
You suddenly lose the ability to move!
Grinder gestures at you.
You easily resist.
Grinder hits you.
You writhe in agony.
Grinder says, "Wait up."
Grinder gestures at you. Pain shoots through your body!
* * * LOW HITPOINT WARNING * * *
You can move again.
You take 17 damage, and have 5/28 hp.
MASSIVE DAMAGE!!
Grinder gestures at you. You resist with significant effort.
Grinder gestures at you.
You easily resist.
Grinder blinks!
There is a stone staircase leading down here.
You climb downwards.
Found an ancient scale mail.
Found a stone staircase leading down.
There is a stone staircase leading up here.
You start resting.
Health restored: 28; MP restored: 14 A worm comes into view.
Firing (i - inventory)
k - 5 stones (quivered)
Aim: a worm (resting)
You shoot a stone. The stone hits the worm.
The stone burns the worm.
Firing (i - inventory)
k - 4 stones (quivered)
Aim: a worm (moderately wounded)
You shoot a stone.
The stone hits the worm but does no damage.
Firing (i - inventory)
k - 3 stones (quivered)
Aim: a worm (moderately wounded)
You shoot a stone.
The stone hits the worm but does no damage.
Firing (i - inventory)
k - 2 stones (quivered)
Aim: a worm (lightly wounded)
You shoot a stone.
The stone hits the worm but does no damage.
Firing (i - inventory)
k - a stone (quivered)
Aim: a worm (lightly wounded)
You shoot a stone. The stone barely misses the worm.
The worm bites you.
You take 5 damage, and have 23/28 hp.
Firing (i - inventory) No suitable missiles.
Aim: a worm (lightly wounded)
Okay, then.
Firing (i - inventory) No suitable missiles.
Aim: a worm (lightly wounded)
Okay, then.
Firing (i - inventory) No suitable missiles.
Aim: a worm (lightly wounded)
Okay, then.
Unknown command.
Aim: a worm (lightly wounded)
The magic dart hits the worm.
The worm bites you!
You take 10 damage, and have 13/28 hp.
MASSIVE DAMAGE!!
You now have 13/14 mp.
Aim: a worm (lightly wounded)
The magic dart hits the worm.
You now have 12/14 mp.
Aim: a worm (moderately wounded)
The spray of energy hits the worm.
You are near starving!
The worm barely misses you.
You now have 9/14 mp.

#.[........
#.........#
#.........#
#........(#
#.........#
.......((
#.##..w# .#
##.#..@# ...
#....#.#
....#.#.#..#
........#.##
....#.....#
.......<###
.........>.....
........####...
.........


You could see a worm.

Vanquished Creatures
  Sigmund (D:2)
  Crazy Yiuf (D:2)
  4 gnolls
  2 adders (D:3)
  An ooze (D:3)
  A worm (D:3)
  2 dart slugs (D:1)
  6 leopard geckos
  2 orcs (D:3)
  2 giant cockroaches
  7 goblins
  7 hobgoblins
  A ball python (D:3)
  14 bats
  7 frilled lizards
  5 kobolds
  13 rats
76 creatures vanquished.

Notes
Turn   | Place    | Note
-------+----------+-------------------------------------------
     0 | D:1      | mhoghedin the Spriggan Conjurer began the quest for the Orb.
     0 | D:1      | Reached XP level 1. HP: 9/9 MP: 5/5
    44 | D:1      | Reached skill level 3 in Spellcasting
   232 | D:1      | Reached XP level 2. HP: 13/13 MP: 3/7
   335 | D:1      | Learned a level 2 spell: Searing Ray
   363 | D:1      | Reached skill level 4 in Spellcasting
   869 | D:1      | Reached XP level 3. HP: 9/16 MP: 2/10
  1017 | D:1      | Learned a level 3 spell: Dazzling Spray
  1554 | D:2      | Noticed Sigmund
  1569 | D:2      | HP: 4/16 [Sigmund/puff of flame (6)]
  1576 | D:2      | Killed Sigmund
  1576 | D:2      | Reached skill level 5 in Dodging
  1576 | D:2      | Reached skill level 3 in Conjurations
  1576 | D:2      | Reached XP level 4. HP: 9/21 MP: 1/11
  1576 | D:2      | Reached XP level 5. HP: 10/24 MP: 1/13
  1766 | D:2      | Reached skill level 1 in Slings
  1984 | D:2      | Found an ancient bone altar of Kikubaaqudgha.
  2201 | D:2      | Found a runed door.
  2364 | D:2      | Noticed Crazy Yiuf
  2380 | D:2      | Killed Crazy Yiuf
  2380 | D:2      | Reached skill level 2 in Slings
  2630 | D:2      | Became a worshipper of Kikubaaqudgha
  2763 | D:3      | Found a burning altar of Makhleb.
  2772 | D:3      | Reached skill level 3 in Slings
  2790 | D:3      | Reached XP level 6. HP: 28/28 MP: 14/14
  2849 | D:3      | Learned a level 4 spell: Fulminant Prism
  3066 | D:3      | Noticed Grinder
  3068 | D:3      | Paralysed by Grinder for 4 turns
  3524 | D:3      | Found a faded altar of an unknown god.
  3637 | D:3      | Reached skill level 1 in Hexes
  3834 | D:3      | Paralysed by Grinder for 6 turns
  3840 | D:3      | HP: 5/28 [Grinder/nerve-wracking pain (6)]
  4103 | D:4      | Quit the game

Vault maps used:
D:1:      dpeg_arrival_simpleton_a
D:2:      nicolae_overflow_crystal_walls, first_ration, uniq_crazy_yiuf_cottage,
          uniq_sigmund
D:3:      cheibrodos_pilgrimage, old_standard_altar,
          chequers_ecumenical_altar_lobes, grunt_ministairs_14, uniq_grinder
D:4:      serial_shops, shop_fountains

Skill      XL: |  1  2  3  4  5  6 |
---------------+-------------------+-----
Spellcasting   | 3 4 |  4.7
Dodging        | 5 |  5.1
Conjurations   | 3 |  3.7
Slings         | 3 |  3.6
Hexes          | 1 |  1.0
Stealth        | |  3.0

Action                   |  1- 3 |  4- 6 || total
-------------------------+-------+-------++-------
Melee: Hunting sling     |     3 |       ||     3
 Fire: Hunting sling     |    22 |   203 ||   225
 Cast: Magic Dart        |    48 |     6 ||    54
       Searing Ray       |     2 |       ||     2
       Dazzling Spray    |     2 |    11 ||    13
  Use: Scroll            |     4 |       ||     4
       Potion            |     3 |     1 ||     4
Armor: Robe              |     2 |     9 ||    11
Dodge: Dodged            |    12 |   107 ||   119

Table legend:
 A = Spawn XP
 B = Non-spawn XP
 C = Spawn XP percentage of total XP
 D = Spawn monster count
 E = Non-spawn monster count
 F = Spawn count percentage of total count
 G = Total turns spent on level
                    A         B        C        D         E        F      G
               +---------+---------+-------+---------+---------+-------+---------
         Total |       0 |     460 |   0.0 |       0 |      76 |   0.0 |  4103
               +---------+---------+-------+---------+---------+-------+---------
           D:1 |       0 |      56 |   0.0 |       0 |      25 |   0.0 |  1441
           D:2 |       0 |     282 |   0.0 |       0 |      19 |   0.0 |  1510
           D:3 |       0 |     122 |   0.0 |       0 |      32 |   0.0 |   900
               +---------+---------+-------+---------+---------+-------+---------

Vault maps used:
D:1:      dpeg_arrival_simpleton_a
D:2:      nicolae_overflow_crystal_walls, first_ration, uniq_crazy_yiuf_cottage,
          uniq_sigmund
D:3:      cheibrodos_pilgrimage, old_standard_altar,
          chequers_ecumenical_altar_lobes, grunt_ministairs_14, uniq_grinder
D:4:      serial_shops, shop_fountains

Table legend:
 A = Turns spent in this place as a percentage of turns spent in the entire game.
 B = Non-inter-level travel turns spent in this place as a percentage of non-inter-level travel turns spent in the entire game.
 C = Inter-level travel turns spent in this place as a percentage of turns spent in this place.
 D = Turns resting spent in this place as a percentage of non-inter-level travel turns spent in this place.
 E = Turns spent auto-exploring this place as a percentage of non-inter-level travel turns spent in this place.
 F = Non-inter-level travel turns spent in this place divided by the number of levels of this place that you've seen.
                   A       B       C       D       E      F
               +-------+-------+-------+-------+-------+----------------------
         Total | 100.0 | 100.0 |   5.8 |  39.3 |  44.9 | 965.8
       Dungeon | 100.0 | 100.0 |   5.8 |  39.3 |  44.9 | 965.8
               +-------+-------+-------+-------+-------+----------------------

Table legend:
 A = Kills in this place as a percentage of kills in entire the game.
 B = Kills by you in this place as a percentage of kills by you in the entire game.
 C = Kills by friends in this place as a percentage of kills by friends in the entire game.
 D = Other kills in this place as a percentage of other kills in the entire game.
 E = Experience gained in this place as a percentage of experience gained in the entire game.
 F = Experience gained in this place divided by the number of levels of this place that you have seen.
                   A       B       C       D       E      F
               +-------+-------+-------+-------+-------+----------------------
         Total | 100.0 | 100.0 |   N/A |   N/A | 100.0 | 115.0
       Dungeon | 100.0 | 100.0 |   N/A |   N/A | 100.0 | 115.0
               +-------+-------+-------+-------+-------+----------------------
